 Dungeon Crawl Stone Soup version 0.28-a0-863-g8cecda6153 (webtiles) character file.

Game seed: 15463696120589359803

235 sanka the Chopper (level 5, 0/43 HPs)
             Began as a Palentonga Abyssal Knight on Nov 17, 2021.
             Was a Believer of Lugonu.
             Slain by an orc warrior (12 damage)
             ... on level 3 of the Dungeon.
             The game lasted 00:06:22 (4592 turns).

sanka the Chopper (Palentonga Abyssal Knight)       Turns: 4592, Time: 00:06:22

Health: 0/43       AC:  4    Str: 17    XL:     5   Next: 76%
Magic:  6/6        EV:  9    Int: 11    God:    Lugonu [**....]
Gold:   100        SH:  0    Dex: 10    Spells: 4/4 levels left

rFire   . . .      SeeInvis +   a - +1 hand axe (flame)
rCold   + . .      Faith    .   (no shield)
rNeg    . . .      Spirit   .   b - +0 leather armour
rPois   .          Reflect  .   (no helmet)
rElec   .          Harm     .   (no cloak)
rCorr   .          Rampage  .   (no gloves)
Will    +....                   (no barding)
Stlth   +.........              (no amulet)
HPRegen 0.14/turn               k - ring of willpower
MPRegen 0.10/turn               c - ring of protection from cold

@: mighty
A: large, rugged brown scales 3, see invisible, deformed body, roll 1, armoured
tail
a: Rolling Charge, Renounce Religion, Depart the Abyss, Bend Space


You were on level 3 of the Dungeon.
You worshipped Lugonu.
Lugonu was pleased with you.
You visited 1 branch of the dungeon, and saw 4 of its levels.
You visited the Abyss 1 time.

You collected 100 gold pieces.


Innate Abilities, Weirdness & Mutations

You are completely covered in rugged brown scales. (AC +3, +7% HP)
You have supernaturally acute eyesight. (SInv)
Armour fits poorly on your strangely shaped body.
You can roll at nearby foes to attack.
You have a long armoured tail.


   Skills:
 - Level 3.0 Fighting
 - Level 6.0 Axes
 - Level 1.5 Armour
 - Level 0.7 Dodging
 + Level 2.4 Invocations


You had 4 spell levels left.
You didn't know any spells.
Your spell library contained the following spells:

 Spells                   Type           Power      Damage    Failure   Level
 Beastly Appendage        Tmut           0%         N/A       38%         1
 Wereblood                Tmut           0%         N/A       54%         2
 Spider Form              Tmut/Pois      0%         N/A       77%         3
 Summon Guardian Golem    Hex/Summ       0%         N/A       77%         3
 Orb of Destruction       Conj           0%         N/A       100%        7
 Spellforged Servitor     Conj/Summ      0%         N/A       100%        7

Inventory:

Hand Weapons
 a - a +1 hand axe of flaming (weapon)
Missiles
 e - 3 javelins
 h - 18 poisoned darts
Armour
 b - a +0 leather armour (worn)
Jewellery
 c - a ring of protection from cold (right hand)
 k - a ring of willpower (left hand)
Scrolls
 f - 2 scrolls of blinking {unknown}
 i - a scroll of identify {unknown}
 j - a scroll of enchant weapon {unknown}
Potions
 d - 2 potions of curing {unknown}
 g - a potion of might

Dungeon Overview and Level Annotations

Branches:
Dungeon (4/15)
 Temple: D:4-7

Altars:

▒▒▒▒▒.▒ ▒.▒ ▒.▒ ▒.. ▒.▒
▒.▒▒▒▒▒▒▒▒▒▒>▒ ▒..
▒▒.▒▒▒▒▒............▒
▒..
▒▒▒▒.......(.....▒▒▒▒..▒
▒.▒ ..).....(..▒▒▒▒▒.▒
▒..▒ ▒.▒
..>............▒.▒ ▒..▒
▒.▒ ▒▒▒▒..▒▒▒▒.▒▒▒.▒.▒
▒..▒ ▒.▒ .>.........▒
▒.▒o▒ ▒.▒▒ ▒.▒
▒▒▒▒.▒▒▒.▒▒▒ ▒.▒H▒ ▒.▒
▒▒▒.▒ ▒.▒ ▒.▒ ▒.▒.▒ ▒.▒
▒.... ▒.▒ ▒.▒ ▒.▒<▒ ▒.▒
▒.▒.▒ ▒.▒ ▒.▒
▒▒▒.▒.▒▒▒▒.▒ ▒.▒(.
▒.▒▒▒.▒▒▒..........▒
▒.▒▒▒
▒▒▒▒.............▒▒▒▒.▒
▒.▒
.........▒▒▒.▒........▒
▒.▒ ▒▒▒▒▒▒▒▒▒▒
▒.▒▒▒▒▒▒▒▒▒▒▒▒▒▒▒▒.▒ ..▒
▒.▒ ▒.........▒▒▒


You could see an orc warrior.


Message History

You hit the orc warrior but do no damage.
You closely miss the orc priest.
The orc warrior hits you with a +0 mace!
The orc priest looks encouraged for a moment.
An orc comes into view. It is wielding a +0 dagger.
Unknown command.
You closely miss the orc warrior. You hit the orc priest.
You burn the orc priest.
The orc warrior hits you with a +0 mace!
* * * LOW HITPOINT WARNING * * *
The orc priest barely misses you.
There is a stone staircase leading up, spattered with blood here.
The orc warrior completely misses you.
You climb upwards.
There is a stone staircase leading down here.
Unknown command.
Things that are here:
2 stones; a +0 dagger You aren't carrying any items that you can evoke.
Unknown command.
It was a potion of might.
You feel very mighty all of a sudden.
The orc warrior hits you with a +0 mace!
* * * LOW HITPOINT WARNING * * *
You slash the orc warrior! You burn the orc warrior.
The orc warrior is heavily wounded.
The orc warrior hits you with a +0 mace!
You die...

Action                   |  1- 3 |  4- 6 || total
-------------------------+-------+-------++-------
Melee: Hand axe          |   107 |   150 ||   257
       Tailslap          |     9 |    12 ||    21
 Abil: Rolling Charge    |     1 |     2 ||     3
  Use: Potion            |       |     1 ||     1
Armor: Leather armour    |    37 |    50 ||    87
Dodge: Dodged            |    55 |    66 ||   121

Levels and vault maps discovered:
D:1:      scummos_arrival_simple_crosswalls, layout_basic,
          dreamdust_ecumenical_altar_sealed_demon
D:2:      layout_basic
D:3:      layout_loops_ring, gup_sewer_entry_pipe
D:4:      cheibrodos_thug_alley, layout_gridville, marbit_many_paths,
          minmay_temple_entry_hall

Notes
Turn   | Place    | Note
-------+----------+-------------------------------------------
     0 | Abyss:1  | sanka the Palentonga Abyssal Knight began the quest for the
                  | Orb.
     0 | Abyss:1  | Reached XP level 1. HP: 19/19 MP: 2/2
    21 | D:1      | Escaped the Abyss
   319 | D:1      | Reached XP level 2. HP: 22/25 MP: 3/3
   449 | D:1      | Reached skill level 3 in Axes
   772 | D:1      | Reached ** piety under Lugonu
   824 | D:1      | Found a faded altar of an unknown god.
  1027 | D:2      | Reached XP level 3. HP: 31/31 MP: 4/4
  1432 | D:2      | Reached skill level 4 in Axes
  1844 | D:2      | Reached XP level 4. HP: 26/37 MP: 5/5
  3136 | D:2      | Reached skill level 5 in Axes
  3314 | D:3      | Reached XP level 5. HP: 42/43 MP: 6/6
  4426 | D:3      | Reached skill level 6 in Axes
  4547 | D:4      | Noticed an orc warrior
  4592 | D:3      | Slain by an orc warrior

Vanquished Creatures
  An orc priest (D:2)
  An orc wizard (D:3)
  An iguana (D:3)
  6 adders
  A worm (D:2)
  A dart slug (D:3)
  12 orcs
  3 ball pythons
  5 endoplasms
  10 giant cockroaches
  2 hobgoblins
  7 quokkas
  9 bats
  6 goblins
  9 kobolds
  7 rats
81 creatures vanquished.

Vanquished Creatures (others)
  2 demonic plants (D:1)
2 creatures vanquished.

Grand Total: 83 creatures vanquished
